 Dungeon Crawl Stone Soup version 0.25-a0-566-g062765be81 (webtiles) character file.

Game seed: 3191794070180770848, levelgen mode: deterministic

17878 Flugslaktarn the Cleaver (level 12, -6/112 HPs)
             Began as a Deep Dwarf Fighter on Feb 28, 2020.
             Was a High Priest of Makhleb.
             Mangled by a white ugly thing (17 damage)
             ... on level 12 of the Dungeon.
             The game lasted 00:06:50 (8145 turns).

Flugslaktarn the Cleaver (Deep Dwarf Fighter)       Turns: 8145, Time: 00:06:51

Health: -6/112     AC: 19    Str: 24    XL:     12   Next: 22%
Magic:  2/2        EV:  6    Int: 10    God:    Makhleb [*****.]
Gold:   739        SH: 12    Dex: 12    Spells: 11/11 levels left

rFire    + . .     SeeInvis .   a - +0 war axe
rCold    . . .     Gourm    .   A - +0 kite shield
rNeg     . . .     Faith    +   j - +0 plate armour
rPois    +         Spirit   .   b - +0 helmet
rElec    .         Reflect  .   y - +1 cloak {MR+}
rCorr    .         Harm     .   p - +0 pair of gloves
MR       ++...                  (no boots)
Stlth    ..........             B - amulet of faith
HPRegen  0.00/turn              o - ring of poison resistance
MPRegen  0.08/turn              f - ring of protection from fire

@: non-regenerating, drained
A: damage resistance, heal wounds, sense surroundings 2, no regeneration
a: Heal Wounds, Minor Destruction, Lesser Servant of Makhleb, Major Destruction,
Greater Servant of Makhleb, Renounce Religion


You were on level 12 of the Dungeon.
You worshipped Makhleb.
Makhleb was extremely pleased with you.
You were not hungry.

You visited 2 branches of the dungeon, and saw 13 of its levels.

You collected 739 gold pieces.

Inventory:

Hand Weapons
 a - a +0 war axe (weapon)
 J - a +0 scimitar of flaming
   (You took it off Erica on level 11 of the Dungeon)
Armour
 b - a +0 helmet (worn)
   (You found it on level 4 of the Dungeon)
 j - a +0 plate armour (worn)
   (You found it on level 4 of the Dungeon)
 p - a +0 pair of gloves (worn)
   (You found it on level 4 of the Dungeon)
 u - +0 fire dragon scales
   (You found it on level 7 of the Dungeon)
 y - a +1 cloak of magic resistance (worn)
   (You took it off Maurice on level 8 of the Dungeon)
 A - a +0 kite shield (worn)
 O - a +2 hat
   (You took it off Gastronok on level 12 of the Dungeon)
Jewellery
 c - an uncursed ring of protection from cold
   (You took it off an orc on level 9 of the Dungeon)
 f - a ring of protection from fire (right hand)
   (You found it on level 7 of the Dungeon)
 m - the ring of the Mage {Wiz MR++ Int+3}
   (You found it on level 4 of the Dungeon)

   [ring of wizardry]

   It improves your spell success rate.
   It affects your intelligence (+3).
   It affects your resistance to hostile enchantments.
 o - a ring of poison resistance (left hand)
   (You found it on level 9 of the Dungeon)
 B - an amulet of faith (around neck)
   (You found it on level 7 of the Dungeon)
Wands
 l - a wand of acid (4)
   (You found it on level 7 of the Dungeon)
Scrolls
 h - a scroll of fog {unknown}
 i - 2 scrolls of magic mapping
 k - a scroll of summoning {unknown}
 r - 11 scrolls of identify
 t - 5 scrolls of teleportation
 v - a scroll of enchant weapon {unknown}
 w - 8 scrolls of remove curse
 x - a scroll of random uselessness {unknown}
 z - a scroll of blinking {unknown}
 D - a scroll of holy word {unknown}
 K - a scroll of enchant armour {unknown}
 L - 3 scrolls of noise {unknown}
Potions
 d - 4 potions of might
 g - 2 potions of stabbing {unknown}
 n - 2 potions of heal wounds {unknown}
 q - 4 potions of curing
 s - a potion of berserk rage
 C - 2 potions of resistance {unknown}
 E - a potion of flight {unknown}
 F - 3 potions of lignification {unknown}
 G - a potion of ambrosia {unknown}
 H - 2 potions of haste {unknown}
 I - a potion of brilliance {unknown}
 M - a potion of mutation {unknown}
Comestibles
 e - 16 rations
 N - 6 chunks of flesh


   Skills:
 + Level 8.4(7.3) Fighting
 * Level 13.2(11.9) Axes
 + Level 10.0(8.9) Armour
 + Level 10.1(8.9) Shields
 + Level 8.1(6.9) Invocations


You had 11 spell levels left.
You didn't know any spells.
Your spell library was empty.

Dungeon Overview and Level Annotations

Branches:
Dungeon (12/15)            Temple (1/1) D:6            Lair (0/6) D:10
    Orc (0/2) D:10

Altars:
Cheibriados
Elyvilon
Fedhas
Hepliaklqana
Makhleb
Nemelex Xobeh
Qazlal
Sif Muna
Trog
Uskayaw
Wu Jian
Xom
Yredelemnul
Zin
The Shining One

Shops:
D:10 *

Annotations:
D:7 Prince Ribbit
D:9 1 runed translucent door, exclusion: door


Innate Abilities, Weirdness & Mutations

You are resistant to damage.
You can heal yourself by infusing magical energy.
You passively map the area around you.
You do not regenerate.


Message History

You feel much better. The white ugly thing pecks you!
The white ugly thing freezes you!!
You are too injured to fight recklessly!
You are too injured to fight recklessly!
You are too injured to fight recklessly!
You are too injured to fight recklessly!
You are too injured to fight recklessly!
You are too injured to fight recklessly!
You are too injured to fight recklessly!
You are too injured to fight recklessly!
You slash the white ugly thing!
The white ugly thing is heavily wounded.
The white ugly thing pecks you. The white ugly thing freezes you!!
* * * LOW HITPOINT WARNING * * *
You slice the white ugly thing!!
The white ugly thing is severely wounded.
The white ugly thing pecks you!
* * * LOW HITPOINT WARNING * * *
The white ugly thing freezes you!!
You die...

#......# #
#......# #
#......# #
#......##### #
#...(.)....# ###
#......###.#####..
#......# #........
#......# ###......
*** #@######
###.._..
#....?.Zu......
........
#.#####.#######
###..... , , ,
,... #####. ^ , ,
..., , ....... *
*..... * ####### ,
,.#### ###### , ..
* * * #....# , ,,
* #....#


You could see a white ugly thing and a wyvern zombie.

Vanquished Creatures
  Gastronok (D:12)
  Erica (D:11)
  3 two-headed ogres
  Nergalle (D:11)
  2 unseen horrors
  Pikel (D:6)
  An ugly thing (D:12)
  A cyclops (D:11)
  Maurice (D:8)
  The ghost of Killmatronix the Vandal, a novice OpHu (D:5)
  A komodo dragon (D:10)
  3 trolls
  A hornet (D:11)
  A shadow (D:11)
  A spriggan (D:10)
  4 wraiths (D:9)
  8 yaks (D:9)
  8 fire bats (D:9)
  A wyvern (D:9)
  2 vampires
  A steam dragon (D:12)
  Edmund (D:6)
  3 sky beasts
  3 black bears
  2 ice beasts
  A phantom (D:12)
  An eye of draining (D:10)
  A necrophage (D:9)
  5 orc warriors
  2 ogres
  3 centaurs
  A crocodile (D:9)
  2 big kobolds
  2 bullfrogs
  4 scorpions
  9 killer bees (D:10)
  10 wights
  3 howler monkeys
  A centaur zombie (D:8)
  4 crimson imps
  2 bullfrog zombies
  7 hounds
  10 orc wizards
  2 orc priests
  2 jellies
  5 iguanas
  4 centaur skeletons
  6 worker ants
  2 killer bee zombies
  2 hound zombies
  A hound skeleton (D:6)
  A howler monkey zombie (D:5)
  6 gnolls
  5 adders
  2 shadow imps (D:10)
  An ooze (D:3)
  2 adder skeletons
  3 leopard geckos
  42 orcs
  63 bats
  4 giant cockroaches
  A goblin (D:1)
  A hobgoblin (D:2)
  11 jackals
  5 kobolds
  5 quokkas
  A rat (D:3)
  2 plants (D:10)
300 creatures vanquished.

Vanquished Creatures (others)
  A plant (D:10)
1 creature vanquished.

Grand Total: 301 creatures vanquished

Notes
Turn   | Place    | Note
-------+----------+-------------------------------------------
     0 | D:1      | Flugslaktarn the Deep Dwarf Fighter began the quest for the
                  | Orb.
     0 | D:1      | Reached XP level 1. HP: 20/20 MP: 1/1
   212 | D:3      | Reached XP level 2. HP: 27/27 MP: 2/2
   218 | D:3      | Reached skill level 3 in Axes
   218 | D:3      | Reached XP level 3. HP: 34/34 MP: 3/3
   415 | D:4      | Reached XP level 4. HP: 25/42 MP: 3/3
   657 | D:4      | Noticed an ogre
   672 | D:4      | Killed an ogre
   672 | D:4      | Reached skill level 4 in Axes
   672 | D:4      | Reached XP level 5. HP: 25/49 MP: 3/3
   722 | D:4      | Found the ring of the Mage {Wiz MR++ Int+3}
   861 | D:4      | Found a glowing golden altar of the Shining One.
  1442 | D:5      | Entered Level 5 of the Dungeon
  1464 | D:5      | Reached XP level 6. HP: 40/56 MP: 4/4
  1641 | D:5      | Reached skill level 5 in Axes
  1709 | D:5      | Noticed Killmatronix's ghost (novice OpHu)
  1712 | D:5      | Found a runed translucent door.
  1736 | D:5      | You fall into a shaft and drop 2 floors!
  1736 | D:7      | Noticed Prince Ribbit
  1748 | D:7      | Reached XP level 7. HP: 52/64 MP: 5/5
  1942 | D:7      | Reached skill level 5 in Shields
  2048 | D:7      | Reached skill level 5 in Armour
  2072 | D:7      | Reached skill level 6 in Axes
  2296 | D:7      | Noticed a troll
  2346 | D:7      | Killed a troll
  2346 | D:7      | Reached XP level 8. HP: 31/73 MP: 4/4
  2746 | D:8      | Reached skill level 7 in Axes
  2766 | D:8      | Noticed a two-headed ogre
  2772 | D:8      | HP: 3/73 [two-headed ogre/+0 giant club (14)]
  2775 | D:8      | Killed a two-headed ogre
  2775 | D:8      | Reached skill level 5 in Fighting
  2775 | D:8      | Reached skill level 8 in Axes
  2784 | D:8      | Noticed a two-headed ogre
  2802 | D:8      | Killed a two-headed ogre
  2802 | D:8      | Reached skill level 9 in Axes
  2802 | D:8      | Gained mutation: You passively map the area around you.
                  | [Deep Dwarf growth]
  2802 | D:8      | Reached XP level 9. HP: 31/82 MP: 3/3
  3050 | D:6      | Found a staircase to the Ecumenical Temple.
  3232 | Temple   | Entered the Ecumenical Temple
  3334 | Temple   | Became a worshipper of Makhleb the Destroyer
  3458 | D:5      | Killed Killmatronix's ghost
  3458 | D:5      | Reached skill level 1 in Invocations
  3865 | D:6      | Noticed Edmund
  3885 | D:6      | Killed Edmund
  3937 | D:6      | Reached skill level 10 in Axes
  3948 | D:6      | Noticed Pikel
  3974 | D:6      | Killed Pikel
  3974 | D:6      | Reached XP level 10. HP: 54/92 MP: 3/5
  4482 | D:8      | Found a bloodstained altar of Trog.
  4526 | D:8      | Noticed Maurice
  4581 | D:8      | Killed Maurice
  4955 | D:9      | Reached * piety under Makhleb
  5127 | D:9      | Found a runed translucent door.
  5184 | D:9      | Found a hide-covered altar of Uskayaw.
  5197 | D:9      | Noticed a flayed ghost
  5198 | D:9      | Reached ** piety under Makhleb
  5198 | D:9      | Reached skill level 11 in Axes
  5210 | D:9      | Found a glowing golden altar of the Shining One.
  5268 | D:9      | Found a basalt altar of Yredelemnul.
  5304 | D:9      | Found a hazy altar of Hepliaklqana.
  5346 | D:9      | Reached *** piety under Makhleb
  5348 | D:9      | Reached skill level 5 in Invocations
  5383 | D:9      | Found a hide-covered altar of Uskayaw.
  5622 | D:9      | Reached **** piety under Makhleb
  5622 | D:9      | Reached XP level 11. HP: 100/100 MP: 8/8
  5980 | D:10     | Entered Level 10 of the Dungeon
  6006 | D:10     | Found Rerrutro's General Store.
  6040 | D:10     | Killed an unseen horror
  6178 | D:10     | Reached ***** piety under Makhleb
  6230 | D:10     | Reached skill level 12 in Axes
  6703 | D:10     | Found a staircase to the Lair.
  6875 | D:10     | Found a staircase to the Orcish Mines.
  7048 | D:11     | Killed an unseen horror
  7184 | D:11     | Noticed a sea snake
  7201 | D:11     | Noticed a sea snake
  7246 | D:11     | Noticed Erica
  7278 | D:11     | Killed Erica
  7291 | D:11     | Noticed a two-headed ogre
  7300 | D:11     | Paralysed by a hornet for 3 turns
  7331 | D:11     | Killed a two-headed ogre
  7534 | D:11     | Noticed Nergalle
  7590 | D:11     | Killed Nergalle
  7592 | D:11     | Found an ornate altar of the Wu Jian Council.
  7735 | D:11     | Reached XP level 12. HP: 54/111 MP: 4/4
  7915 | D:12     | Reached skill level 13 in Axes
  7965 | D:12     | Reached skill level 10 in Shields
  7994 | D:12     | Found a burning altar of Makhleb.
  8047 | D:12     | Noticed Gastronok
  8070 | D:12     | Killed Gastronok
  8070 | D:12     | Reached skill level 10 in Armour
  8145 | D:12     | Mangled by a white ugly thing

Levels and vault maps discovered:
D:1:      dpeg_arrival_stone_temple_mockup, layout_loops_corners
D:2:      layout_basic, chequers_ecumenical_altar_lobes, minmay_strange_pillars
D:3:      layout_basic, nemelex_dance_club_becter
D:4:      layout_layer_cave, first_ration, minmay_misc_feat_encased,
          nicolae_tso_carved_into_rock
D:5:      layout_loops_ring, hellmonk_ghost_happy_afterlife
D:6:      layout_basic, minmay_temple_entry_purple_smoke, uniq_edmund,
          uniq_pikel
D:7:      minmay_chambers_of_fours, layout_basic, uniq_prince_ribbit1
D:8:      layout_loops_ring, bloody_trog, minmay_bent, uniq_maurice
D:9:      due_megacathedral, layout_irregular_city, serial_co_window_serial,
          co_window_paths_b, co_window_paths_a, co_window_corner_a,
          co_window_cross_1, co_window_paths_a, co_window_cross_1,
          co_window_paths_a, co_window_2corner, co_window_broadway_c,
          co_window_unsneaky_path_c, co_window_corner_b, glass_columns_c,
          glass_columns_a, glass_columns_c, glass_columns_b
D:10:     layout_loops_ring, david_lair_shrubbed, david_orc_4, serial_shops,
          shop, the_bakery
D:11:     layout_rooms, basic_altar, serial_aquarium,
          aquarium_bridge_long_joined [aquarium_subvault_bridge,
          aquarium_subvault_bridge, aquarium_subvault_wall,
          aquarium_subvault_window, aquarium_subvault_window,
          aquarium_subvault_wall], aquarium_window_corridor_3,
          aquarium_window_2, aquarium_window_double, aquarium_window_2,
          aquarium_view_2d, aquarium_pool_1, minmay_liquid_box,
          grunt_ministairs_13, uniq_erica, uniq_nergalle
D:12:     layout_basic, basic_altar, st_stairs_13, nicolae_elemental_shop,
          uniq_gastronok, uniq_fannar
Temple:   roderic_octagonal_lattice_temple

Skill      XL: |  1  2  3  4  5  6  7  8  9 10 11 12 |
---------------+-------------------------------------+-----
Fighting       | 3 4 5 6 7 8 |  8.4
Axes           | 3 4 5 6 9 10 11 12 13 | 13.2
Shields        | 4 5 7 8 9 10 | 10.1
Armour         | 4 5 7 8 9 10 | 10.0
Invocations    | 2 5 7 8 |  8.1

Action                   |  1- 3 |  4- 6 |  7- 9 | 10-12 || total
-------------------------+-------+-------+-------+-------++-------
Melee: War axe           |    38 |   124 |   351 |   986 ||  1499
 Abil: Heal Wounds       |     1 |     5 |    20 |    36 ||    62
Evoke: Wand              |       |       |       |     2 ||     2
  Use: Scroll            |       |       |     8 |       ||     8
  Eat: Chunk             |       |     1 |     3 |    12 ||    16
       Ration            |       |     1 |     1 |     1 ||     3
Armor: Scale mail        |     6 |    16 |       |       ||    22
       Plate armour      |       |    68 |   184 |   705 ||   957
Dodge: Dodged            |    13 |    25 |    38 |   206 ||   282
Block: Kite shield       |    26 |    73 |   180 |   618 ||   897

Table legend:
 A = Non-vault XP
 B = Vault XP
 C = Vault XP percentage of total XP
 D = Non-vault monster count
 E = Vault monster count
 F = Vault count percentage of total count
                 A         B        C        D         E       F
            +---------+---------+-------+---------+---------+-------
      Total |   14285 |   11255 |  44.1 |     257 |      41 |  13.8
            +---------+---------+-------+---------+---------+-------
        D:1 |       6 |       0 |   0.0 |       3 |       0 |   0.0
        D:2 |       2 |       0 |   0.0 |       1 |       0 |   0.0
        D:3 |      56 |       0 |   0.0 |       6 |       0 |   0.0
        D:4 |     302 |       0 |   0.0 |      16 |       0 |   0.0
        D:5 |     615 |     382 |  38.3 |      19 |       1 |   5.0
        D:6 |     593 |     825 |  58.2 |      18 |       2 |  10.0
        D:7 |     373 |     479 |  56.2 |      11 |       4 |  26.7
        D:8 |     484 |    2488 |  83.7 |      14 |       7 |  33.3
        D:9 |    4615 |     835 |  15.3 |     107 |       4 |   3.6
       D:10 |    3242 |    1251 |  27.8 |      29 |      18 |  38.3
       D:11 |    2836 |    2750 |  49.2 |      27 |       4 |  12.9
       D:12 |    1161 |    2245 |  65.9 |       6 |       1 |  14.3
            +---------+---------+-------+---------+---------+-------
